 Dungeon Crawl Stone Soup version 0.25-a0-346-g140ab784a8 (webtiles) character file.

Game seed: 15992261794425073842, levelgen mode: classic

395 Borgoz the Cudgeler (level 6, -8/40 HPs)
             Began as a Gargoyle Fighter on Jan 1, 2020.
             Engulfed by a cloud of steam (24 damage)
             ... on level 4 of the Dungeon.
             The game lasted 00:04:01 (2577 turns).

Borgoz the Cudgeler (Gargoyle Fighter)              Turns: 2577, Time: 00:04:02

Health: -8/40      AC: 11    Str: 22    XL:     6   Next: 82%
Magic:  6/6        EV: 10    Int:  8    God:
Gold:   129        SH:  4    Dex:  9    Spells: 5/5 levels left

rFire    . . .     SeeInvis .   a - +0 flail
rCold    . . .     Gourm    +   o - +0 buckler
rNeg     + . .     Faith    .   b - +0 scale mail
rPois    ∞         Spirit   .   (no helmet)
rElec    +         Reflect  .   (no cloak)
rCorr    .         Harm     .   (no gloves)
MR       .....                  (no boots)
Stlth    +.........             l - amulet of the gourmand
HPRegen  0.13/turn              r - ring of stealth
MPRegen  0.10/turn              (no ring)

@: very slow
A: negative energy resistance 1, electricity resistance, unbreathing,
petrification resistance, rot immunity, AC +4
a: no special abilities


You were on level 4 of the Dungeon.
You were completely stuffed.

You visited 1 branch of the dungeon, and saw 4 of its levels.

You collected 129 gold pieces.

Inventory:

Hand Weapons
 a - a +0 flail (weapon)
 t - the +7 dagger of the Countless Suns {holy, +Fly Int+3 Dex+2}
   (You found it on level 4 of the Dungeon)

   It has been blessed by the Shining One to cause great damage to the undead
   and demons.
   It affects your intelligence (+3).
   It affects your dexterity (+2).
   It lets you fly.
Armour
 b - a +0 scale mail (worn)
 c - a +0 shield
 o - a +0 buckler (worn)
Jewellery
 l - an amulet of the gourmand (around neck)
 r - a ring of stealth (left hand)
Scrolls
 g - 2 scrolls of magic mapping {unknown}
 i - a scroll of teleportation {unknown}
 m - 2 scrolls of fear {unknown}
 p - 2 scrolls of enchant armour {unknown}
 q - 4 scrolls of blinking {unknown}
 s - a scroll of remove curse {unknown}
Potions
 d - 2 potions of might
 e - a potion of magic {unknown}
 j - a potion of heal wounds {unknown}
 k - a potion of haste
 n - 2 potions of brilliance
Comestibles
 f - 6 rations
 h - 4 chunks of flesh


   Skills:
 + Level 4.8 Fighting
 * Level 5.0 Maces & Flails
 + Level 4.8 Armour
 + Level 0.6 Dodging
 + Level 3.5 Shields


You had 5 spell levels left.
You didn't know any spells.
Your spell library contained the following spells:

 Spells                   Type           Power        Failure   Level  Hunger
 Ensorcelled Hibernation  Hex/Ice        #.....       86%         2    ###....
 Borgnjor's Vile Clutch   Necr/Erth      #.........   100%        5    ######.
 Silence                  Hex/Air        #.........   100%        5    ######.
 Darkness                 Hex            #.........   100%        6    #######
 Shadow Creatures         Summ           N/A          100%        6    #######


Dungeon Overview and Level Annotations

Branches:
Dungeon (4/15)
 Temple: D:4-7

Altars:
Qazlal
Ru
Sif Muna
Trog


Innate Abilities, Weirdness & Mutations

You are resistant to torment.
Your stone body is resilient. (AC +4)
You are immune to poison.
You resist negative energy. (rN+)
You are resistant to electric shocks. (rElec)
You can survive without breathing.
You are immune to petrification.
You are immune to rotting.


Message History

You see here a club.
You see here 9 bolts.
There is an open door here.
You see here 12 arrows.
m - 2 scrolls labeled VEPREORIWN (gained 1) Some of the chunks of flesh in your inventory have rotted away.
You open the door.
There is an open door here.
Found a ring mail.
You are engulfed in a cloud of scalding steam.
Things that are here:
16 arrows; 11 gold pieces You now have 129 gold pieces (gained 11).
You are engulfed in a cloud of scalding steam.
You enter the shallow water.
Moving in this stuff is going to be slow.
You are engulfed in a cloud of scalding steam.
You are engulfed in a cloud of scalding steam.
Ouch! That really hurt!
You die...

######.## ..#
#.......# ..#
#.#####.# # #.##
# #..# #.
#####.## #
##.##...§..#...
#§.§§§§.§.......
..§§@§(§....#...
..§§§§§[..#.# ##
####§######...
#≈≈ #..# #≈# %.#
#≈ .#


There were no monsters in sight!

Vanquished Creatures
  A black bear (D:4)
  A crimson imp (D:3)
  An orc wizard (D:4)
  An orc priest (D:4)
  Terence (D:2)
  4 gnolls (D:4)
  5 adders
  An ooze (D:3)
  2 worms (D:4)
  3 dart slugs
  4 leopard geckos
  11 orcs
  4 ball pythons
  2 bats
  2 giant cockroaches (D:4)
  12 goblins
  6 hobgoblins
  2 jackals (D:3)
  4 quokkas
  2 frilled lizards (D:2)
  2 kobolds
  12 rats
83 creatures vanquished.

Notes
Turn   | Place    | Note
-------+----------+-------------------------------------------
     0 | D:1      | Borgoz the Gargoyle Fighter began the quest for the Orb.
     0 | D:1      | Reached XP level 1. HP: 14/14 MP: 1/1
   235 | D:1      | Reached XP level 2. HP: 19/19 MP: 2/2
   648 | D:2      | Reached XP level 3. HP: 22/24 MP: 3/3
   656 | D:2      | Reached skill level 3 in Maces & Flails
   782 | D:2      | Found a shimmering blue altar of Sif Muna.
   855 | D:2      | Reached XP level 4. HP: 29/29 MP: 4/4
   867 | D:2      | Noticed Terence
   878 | D:2      | Killed Terence
   988 | D:2      | Found a stormy altar of Qazlal.
  1146 | D:3      | Found a faded altar of an unknown god.
  1289 | D:3      | Reached XP level 5. HP: 29/33 MP: 5/5
  1323 | D:3      | Found a sacrificial altar of Ru.
  1435 | D:3      | Reached skill level 4 in Maces & Flails
  2048 | D:4      | Reached XP level 6. HP: 19/39 MP: 6/6
  2231 | D:4      | Noticed a black bear
  2238 | D:4      | Killed a black bear
  2316 | D:4      | Noticed a moth of wrath
  2319 | D:4      | Found a bloodstained altar of Trog.
  2356 | D:4      | Got a steaming dagger
  2357 | D:4      | Identified the +7 dagger of the Countless Suns {holy, +Fly
                  | Int+3 Dex+2} (You found it on level 4 of the Dungeon)
  2445 | D:4      | Reached skill level 5 in Maces & Flails
  2577 | D:4      | Engulfed by a cloud of steam

Levels and vault maps discovered:
D:1:      eino_arrival_cavern_c, layout_loops_ring, corexii_corridor_pit
D:2:      layout_rooms, nicolae_qazlal_general_emergency, marbit_many_paths,
          uniq_terence
D:3:      layout_loops_ring, chequers_ecumenical_altar_grove, first_ration,
          nicolae_ru_path_of_blood
D:4:      layout_basic, tgw_trog, lemuel_another_geyser

Skill      XL: |  1  2  3  4  5  6 |
---------------+-------------------+-----
Maces & Flails | 3 4 5 |  5.0
Fighting       | 4 |  4.8
Armour         | 4 |  4.8
Dodging        | |  0.6
Shields        | |  3.5

Action                   |  1- 3 |  4- 6 || total
-------------------------+-------+-------++-------
Melee: Flail             |   117 |   206 ||   323
  Use: Scroll            |       |     4 ||     4
       Potion            |       |     1 ||     1
  Eat: Chunk             |    10 |     9 ||    19
Armor: Scale mail        |    99 |   100 ||   199
Dodge: Dodged            |    41 |    64 ||   105
Block: Shield            |    73 |    90 ||   163
       Buckler           |       |    12 ||    12

Table legend:
 A = Non-vault XP
 B = Vault XP
 C = Vault XP percentage of total XP
 D = Non-vault monster count
 E = Vault monster count
 F = Vault count percentage of total count
                 A         B        C        D         E       F
            +---------+---------+-------+---------+---------+-------
      Total |     514 |      51 |   9.0 |      76 |       7 |   8.4
            +---------+---------+-------+---------+---------+-------
        D:1 |      28 |       0 |   0.0 |      17 |       0 |   0.0
        D:2 |      72 |      38 |  34.5 |      20 |       2 |   9.1
        D:3 |     106 |       0 |   0.0 |      20 |       0 |   0.0
        D:4 |     308 |      13 |   4.0 |      19 |       5 |  20.8
            +---------+---------+-------+---------+---------+-------
